[ AOE2 MATCH · #513759978 ]
UnrankedMaya vs Vikings
Player's team · LOSS
Rival team · WIN
[ REPLAY ANALYSIS · EXTRACTED FROM THE RECORDED GAME ]
Feudal
10:53
Castle
39:08
Imperial
—
| APM avg | 40.0 |
| APM peak | 103 |
| eAPM avg | 23.2 |
| Villagers / military | 139 / 44 |
Focus
⚔️ 21.8% · 🌾 78.2%
Spearman ×16 · Eagle Scout ×15 · Plumed Archer ×7 · Scorpion ×4 · Mangonel ×2
Feudal
9:57
Castle
23:27
Imperial
44:22
| APM avg | 48.7 |
| APM peak | 105 |
| eAPM avg | 24.0 |
| Villagers / military | 110 / 92 |
Focus
⚔️ 34.9% · 🌾 65.1%
Unknown (2703) ×47 · Berserk ×35 · Militia ×28 · Ballestero montado ×18 · Battering Ram ×7 · Trebuchet (Packed) ×3
Match map
Initial resources + every placement click. Lines = walls · curves = elevation contours. ◆ gold · ⬟ stone · ● berries · ✦ relic · ◌ wall gap
Your base· Open — unwalled flank
betapchoi's base· Open — unwalled flank
Smoothed initial terrain · ◌ = detected wall gap · hover for details
Inputs per minute
— angelferoz - - betapchoi
Build order — angelferoz
First 150 of 345 actions detected
| 0:02 | Research | Loom |
| 0:05 | Build | House |
| 0:09 | Build | House |
| 0:34 | Queue | Villager (Male) |
| 0:34 | Queue | Villager (Male) |
| 0:35 | Queue | Villager (Male) |
| 1:34 | Queue | Villager (Male) |
| 1:34 | Queue | Villager (Male) |
| 2:18 | Queue | Villager (Male) |
| 2:19 | Queue | Villager (Male) |
| 2:19 | Queue | Villager (Male) |
| 3:20 | Build | Lumber Camp |
| 3:21 | Queue | Villager (Male) |
| 3:22 | Queue | Villager (Male) |
| 3:37 | Queue | Villager (Male) |
| 3:37 | Queue | Villager (Male) |
| 3:37 | Queue | Villager (Male) |
| 4:14 | Build | House |
| 4:26 | Queue | Villager (Male) |
| 4:26 | Queue | Villager (Male) |
| 4:52 | Build | Mill |
| 4:59 | Queue | Villager (Male) |
| 4:59 | Queue | Villager (Male) |
| 4:59 | Queue | Villager (Male) |
| 5:00 | Queue | Villager (Male) |
| 5:00 | Queue | Villager (Male) |
| 6:08 | Queue | Villager (Male) |
| 6:09 | Queue | Villager (Male) |
| 6:09 | Queue | Villager (Male) |
| 6:10 | Queue | Villager (Male) |
| 6:10 | Queue | Villager (Male) |
| 6:10 | Queue | Villager (Male) |
| 6:38 | Build | House |
| 6:52 | Queue | Villager (Male) |
| 6:52 | Queue | Villager (Male) |
| 7:44 | Build | Farm |
| 7:48 | Build | Farm |
| 7:49 | Build | Farm |
| 7:51 | Build | Farm |
| 7:53 | Queue | Villager (Male) |
| 8:36 | Build | Outpost |
| 8:44 | Research | Feudal Age |
| 10:06 | Build | Mining Camp |
| 10:53 | Age | Feudal Age |
| 11:02 | Build | Watch Tower |
| 11:07 | Research | Town Watch |
| 11:10 | Queue | Villager (Male) |
| 11:11 | Queue | Villager (Male) |
| 11:12 | Queue | Villager (Male) |
| 11:13 | Queue | Villager (Male) |
| 11:13 | Queue | Villager (Male) |
| 11:28 | Build | Stone Wall |
| 11:30 | Build | Stone Wall |
| 11:37 | Build | Stone Wall |
| 11:37 | Build | Stone Wall |
| 11:42 | Queue | Villager (Male) |
| 11:59 | Queue | Villager (Male) |
| 12:00 | Queue | Villager (Male) |
| 12:00 | Queue | Villager (Male) |
| 12:20 | Build | Watch Tower |
| 12:31 | Queue | Villager (Male) |
| 12:31 | Queue | Villager (Male) |
| 13:38 | Build | Watch Tower |
| 13:41 | Queue | Villager (Male) |
| 13:43 | Queue | Villager (Male) |
| 13:43 | Queue | Villager (Male) |
| 13:56 | Build | Barracks |
| 13:58 | Queue | Villager (Male) |
| 14:23 | Queue | Villager (Male) |
| 14:37 | Build | House |
| 14:48 | Queue | Villager (Male) |
| 15:17 | Queue | Spearman |
| 15:18 | Queue | Spearman |
| 15:40 | Queue | Villager (Male) |
| 15:41 | Queue | Villager (Male) |
| 16:10 | Build | Stone Wall |
| 16:14 | Build | Stone Wall |
| 16:17 | Build | Stone Wall |
| 16:35 | Queue | Villager (Male) |
| 16:48 | Build | Watch Tower |
| 17:22 | Build | House |
| 17:29 | Build | Farm |
| 17:30 | Queue | Villager (Male) |
| 17:32 | Queue | Villager (Male) |
| 17:33 | Queue | Villager (Male) |
| 17:44 | Build | Stone Wall |
| 17:47 | Build | Stone Wall |
| 17:51 | Build | Stone Wall |
| 18:19 | Build | Watch Tower |
| 18:21 | Queue | Villager (Male) |
| 18:21 | Queue | Villager (Male) |
| 18:33 | Build | Watch Tower |
| 19:06 | Build | Stone Wall |
| 19:09 | Build | Stone Wall |
| 19:12 | Build | Stone Wall |
| 19:13 | Build | Stone Wall |
| 19:38 | Build | Stone Wall |
| 19:41 | Build | Stone Wall |
| 19:43 | Build | Stone Wall |
| 20:03 | Build | House |
| 20:16 | Build | Watch Tower |
| 20:21 | Queue | Spearman |
| 20:22 | Queue | Spearman |
| 20:33 | Build | Watch Tower |
| 20:46 | Build | Farm |
| 20:47 | Queue | Villager (Male) |
| 20:48 | Queue | Villager (Male) |
| 20:49 | Queue | Villager (Male) |
| 21:19 | Build | Stone Wall |
| 21:23 | Build | Stone Wall |
| 21:23 | Build | Stone Wall |
| 21:28 | Build | Stone Wall |
| 22:05 | Build | House |
| 22:18 | Build | Blacksmith |
| 22:27 | Queue | Villager (Male) |
| 22:36 | Build | Watch Tower |
| 23:04 | Research | Fletching |
| 23:05 | Research | Forging |
| 23:14 | Build | Farm |
| 23:14 | Build | Farm |
| 23:15 | Build | Farm |
| 23:15 | Build | Farm |
| 23:15 | Build | Farm |
| 23:16 | Build | Farm |
| 23:16 | Build | Farm |
| 23:19 | Queue | Villager (Male) |
| 23:19 | Queue | Villager (Male) |
| 23:50 | Build | Watch Tower |
| 24:05 | Queue | Spearman |
| 24:34 | Build | Watch Tower |
| 26:14 | Build | Watch Tower |
| 27:07 | Queue | Villager (Male) |
| 27:09 | Queue | Villager (Male) |
| 27:12 | Queue | Villager (Male) |
| 27:13 | Queue | Villager (Male) |
| 27:48 | Build | Mining Camp |
| 28:06 | Queue | Villager (Male) |
| 28:07 | Queue | Villager (Male) |
| 28:09 | Queue | Villager (Male) |
| 28:45 | Build | Mining Camp |
| 28:48 | Queue | Villager (Male) |
| 28:49 | Queue | Villager (Male) |
| 28:49 | Queue | Villager (Male) |
| 29:05 | Build | Watch Tower |
| 29:13 | Queue | Villager (Male) |
| 29:14 | Queue | Villager (Male) |
| 30:13 | Queue | Villager (Male) |
| 30:20 | Research | Double-Bit Axe |
| 30:20 | Research | Double-Bit Axe |
| 30:21 | Queue | Villager (Male) |
Build order — betapchoi
First 150 of 453 actions detected
| 0:02 | Queue | Villager (Male) |
| 0:02 | Queue | Villager (Male) |
| 0:02 | Queue | Villager (Male) |
| 0:02 | Queue | Villager (Male) |
| 0:04 | Build | House |
| 0:05 | Build | House |
| 1:23 | Queue | Villager (Male) |
| 1:54 | Build | Lumber Camp |
| 1:58 | Queue | Villager (Male) |
| 1:58 | Queue | Villager (Male) |
| 1:58 | Queue | Villager (Male) |
| 2:14 | Queue | Villager (Male) |
| 2:14 | Queue | Villager (Male) |
| 2:14 | Queue | Villager (Male) |
| 2:44 | Queue | Villager (Male) |
| 2:45 | Queue | Villager (Male) |
| 2:45 | Queue | Villager (Male) |
| 3:02 | Queue | Villager (Male) |
| 3:03 | Queue | Villager (Male) |
| 3:03 | Queue | Villager (Male) |
| 3:40 | Queue | Villager (Male) |
| 3:40 | Queue | Villager (Male) |
| 3:40 | Queue | Villager (Male) |
| 3:40 | Queue | Villager (Male) |
| 3:55 | Build | House |
| 4:16 | Queue | Villager (Male) |
| 4:16 | Queue | Villager (Male) |
| 4:20 | Build | Mill |
| 4:38 | Queue | Villager (Male) |
| 4:38 | Queue | Villager (Male) |
| 5:00 | Queue | Villager (Male) |
| 5:00 | Queue | Villager (Male) |
| 5:38 | Queue | Villager (Male) |
| 5:41 | Queue | Villager (Male) |
| 5:42 | Queue | Villager (Male) |
| 5:42 | Queue | Villager (Male) |
| 5:42 | Queue | Villager (Male) |
| 6:37 | Build | Barracks |
| 6:39 | Queue | Villager (Male) |
| 6:58 | Research | Loom |
| 6:59 | Research | Loom |
| 6:59 | Research | Loom |
| 7:18 | Build | House |
| 7:47 | Research | Feudal Age |
| 7:47 | Research | Feudal Age |
| 8:23 | Queue | Militia |
| 8:39 | Build | Mining Camp |
| 8:52 | Queue | Militia |
| 8:58 | Build | House |
| 9:51 | Queue | Militia |
| 9:56 | Build | Palisade Wall |
| 9:57 | Age | Feudal Age |
| 10:04 | Build | House |
| 10:06 | Queue | Villager (Male) |
| 10:18 | Research | Man-at-Arms (upgrade) |
| 10:41 | Build | House |
| 10:43 | Queue | Villager (Male) |
| 10:59 | Build | Farm |
| 11:08 | Build | Farm |
| 11:13 | Build | Blacksmith |
| 11:16 | Build | Farm |
| 11:21 | Queue | Villager (Male) |
| 11:29 | Queue | Villager (Male) |
| 11:33 | Research | Double-Bit Axe |
| 11:33 | Research | Double-Bit Axe |
| 11:59 | Queue | Villager (Male) |
| 12:02 | Build | House |
| 12:15 | Build | Farm |
| 12:30 | Queue | Villager (Male) |
| 12:45 | Build | Watch Tower |
| 12:55 | Queue | Villager (Male) |
| 13:30 | Build | Mining Camp |
| 13:40 | Queue | Militia |
| 13:40 | Queue | Militia |
| 13:49 | Build | Market |
| 13:52 | Queue | Villager (Male) |
| 14:00 | Queue | Villager (Male) |
| 14:20 | Queue | Villager (Male) |
| 14:22 | Build | Farm |
| 14:34 | Queue | Militia |
| 14:43 | Queue | Militia |
| 14:48 | Build | Farm |
| 14:52 | Build | Farm |
| 15:00 | Build | Farm |
| 15:09 | Build | Watch Tower |
| 15:16 | Build | Farm |
| 15:19 | Queue | Villager (Male) |
| 15:57 | Queue | Villager (Male) |
| 15:59 | Build | Farm |
| 16:26 | Queue | Villager (Male) |
| 16:33 | Queue | Villager (Male) |
| 16:39 | Queue | Militia |
| 16:42 | Build | Farm |
| 16:52 | Build | Mill |
| 16:57 | Build | Farm |
| 17:02 | Build | Lumber Camp |
| 17:10 | Build | Watch Tower |
| 17:17 | Queue | Militia |
| 17:22 | Queue | Militia |
| 17:29 | Build | Farm |
| 17:31 | Research | Horse Collar |
| 17:39 | Queue | Militia |
| 17:54 | Queue | Militia |
| 18:11 | Queue | Villager (Male) |
| 18:30 | Build | Watch Tower |
| 18:41 | Queue | Villager (Male) |
| 18:54 | Build | Lumber Camp |
| 19:11 | Queue | Villager (Male) |
| 19:24 | Build | Farm |
| 19:39 | Build | Farm |
| 19:40 | Build | Farm |
| 19:42 | Build | Farm |
| 19:43 | Build | Farm |
| 20:23 | Build | Farm |
| 20:31 | Build | Lumber Camp |
| 20:47 | Research | Castle Age |
| 21:14 | Queue | Militia |
| 21:14 | Queue | Militia |
| 21:20 | Build | Mining Camp |
| 21:43 | Build | Lumber Camp |
| 21:56 | Build | Watch Tower |
| 22:13 | Queue | Militia |
| 22:22 | Research | Scale Mail Armor |
| 22:27 | Queue | Militia |
| 22:45 | Queue | Militia |
| 22:55 | Research | Forging |
| 23:01 | Build | House |
| 23:20 | Build | Watch Tower |
| 23:27 | Age | Castle Age |
| 23:43 | Research | Long Swordsman (upgrade) |
| 24:10 | Build | House |
| 24:14 | Queue | Villager (Male) |
| 24:40 | Build | Town Center |
| 25:22 | Queue | Villager (Male) |
| 25:50 | Queue | Villager (Male) |
| 25:58 | Research | Bow Saw |
| 25:58 | Research | Bow Saw |
| 26:11 | Build | Stable |
| 26:23 | Build | Archery Range |
| 26:35 | Build | Town Center |
| 26:47 | Research | Stone Mining |
| 27:04 | Build | Siege Workshop |
| 27:21 | Build | Town Center |
| 27:27 | Queue | Villager (Male) |
| 27:28 | Queue | Villager (Male) |
| 27:29 | Queue | Villager (Male) |
| 27:29 | Queue | Villager (Male) |
| 27:29 | Queue | Villager (Male) |
| 27:46 | Queue | Ballestero montado |
| 27:51 | Queue | Unit 2703 |
Match timeline
| 6:37 | betapchoi · first_building Barracks |
| 9:56 | betapchoi · wall_segment Palisade Wall x17 |
| 9:57 | betapchoi · age_up feudal |
| 10:53 | angelferoz · age_up feudal |
| 11:28 | angelferoz · wall_segment Stone Wall x1 |
| 11:30 | angelferoz · wall_segment Stone Wall x1 |
| 11:37 | angelferoz · wall_segment Stone Wall x1 |
| 11:37 | angelferoz · wall_segment Stone Wall x1 |
| 13:56 | angelferoz · first_building Barracks |
| 16:10 | angelferoz · wall_segment Stone Wall x1 |
| 16:14 | angelferoz · wall_segment Stone Wall x1 |
| 16:17 | angelferoz · wall_segment Stone Wall x1 |
| 16:31 | betapchoi · first_market_buy 100 food |
| 17:44 | angelferoz · wall_segment Stone Wall x1 |
| 17:47 | angelferoz · wall_segment Stone Wall x1 |
| 17:51 | angelferoz · wall_segment Stone Wall x1 |
| 19:06 | angelferoz · wall_segment Stone Wall x1 |
| 19:09 | angelferoz · wall_segment Stone Wall x1 |
| 19:12 | angelferoz · wall_segment Stone Wall x1 |
| 19:13 | angelferoz · wall_segment Stone Wall x1 |
| 19:38 | angelferoz · wall_segment Stone Wall x1 |
| 19:41 | angelferoz · wall_segment Stone Wall x1 |
| 19:43 | angelferoz · wall_segment Stone Wall x1 |
| 21:19 | angelferoz · wall_segment Stone Wall x1 |
| 21:23 | angelferoz · wall_segment Stone Wall x1 |
| 21:23 | angelferoz · wall_segment Stone Wall x1 |
| 21:28 | angelferoz · wall_segment Stone Wall x1 |
| 23:27 | betapchoi · age_up castle |
| 26:11 | betapchoi · first_building Stable |
| 26:23 | betapchoi · first_building Archery Range |
| 27:04 | betapchoi · first_building Siege Workshop |
| 33:29 | betapchoi · first_building Castle |
| 36:27 | angelferoz · first_market_sell 100 wood |
| 37:03 | angelferoz · wall_segment Stone Wall x1 |
| 37:12 | angelferoz · wall_segment Stone Wall x1 |
| 37:16 | angelferoz · wall_segment Stone Wall x1 |
| 37:16 | angelferoz · wall_segment Stone Wall x1 |
| 37:17 | angelferoz · wall_segment Stone Wall x1 |
| 37:18 | angelferoz · wall_segment Stone Wall x1 |
| 37:25 | angelferoz · wall_segment Stone Wall x1 |
| 37:28 | angelferoz · wall_segment Stone Wall x1 |
| 39:08 | angelferoz · age_up castle |
| 39:21 | angelferoz · first_building Castle |
| 40:29 | angelferoz · first_market_buy 100 wood |
| 41:07 | betapchoi · first_market_sell 100 food |
| 44:22 | betapchoi · age_up imperial |
| 44:45 | angelferoz · first_building Siege Workshop |
| 60:02 | angelferoz · resign |
[ AI ANALYSIS · 1 CREDIT ]
What really happened in this match?
Wolo.gg analyzes every decision: build order, eco, micro, common mistakes by bracket. Personalized analysis on WhatsApp or Discord in 30 seconds.
Civ guide
Maya
Perfil
Jugador #25090144